 Dungeon Crawl Stone Soup version 0.30-a0-719-gcc4359ea44 (webtiles) character file.

Game seed: 9096942700229254938

578 Dittersdorf the Covered (level 7, -2/44 HPs)
             Began as a Gargoyle Fighter on Jan 26, 2023.
             Slain by a bullfrog (7 damage)
             ... in a sewer.
             The game lasted 00:07:28 (3635 turns).

Dittersdorf the Covered (Gargoyle Fighter)          Turns: 3635, Time: 00:07:29

Health: -2/44      AC: 15    Str: 21    XL:     7   Next: 36%
Magic:  7/7        EV:  4    Int:  9    God:
Gold:   104        SH:  4    Dex:  9    Spells: 6/6 levels left

rFire   . . .      SeeInvis .    w - +0 morningstar
rCold   . . .      Faith    .    c - +0 buckler
rNeg    + . .      Spirit   .    l - +1 chain mail
rPois   ∞          Reflect  .    (no helmet)
rElec   +          Harm     .    (no cloak)
rCorr   .          Rampage  .    (no gloves)
Will    .....                    (no boots) Stlth
                                 (no amulet)
HPRegen 0.27/turn                (no ring)
MPRegen 0.10/turn                (no ring)

@: mighty, constricted
A: sickness immunity, AC +4, negative energy resistance 1, electricity
resistance, torment resistance 1, petrification resistance
a: no special abilities


You were in a sewer.
You visited 1 branch of the dungeon, and saw 4 of its levels.
You also visited: Sewer.

You collected 159 gold pieces.
You spent 55 gold pieces at shops.

Inventory:

Hand Weapons
 w - a +0 morningstar (weapon)
Missiles
 g - 10 poisoned darts (quivered)
Armour
 c - a +0 buckler (worn)
 l - a +1 chain mail (worn)
Scrolls
 a - a scroll of magic mapping {unknown}
 b - a scroll of vulnerability {unknown}
 n - a scroll of fear
Potions
 d - a potion of might
 e - 2 potions of heal wounds
 f - 2 potions of magic
 i - 2 potions of flight {unknown}
 j - 2 potions of cancellation
 p - 4 potions of curing
 q - a potion of berserk rage {unknown}
 t - 3 potions of haste {unknown}
 u - a potion of degeneration {unknown}


   Skills:
 + Level 5.3 Fighting
 + Level 4.1 Maces & Flails
 + Level 5.3 Armour
 + Level 5.3 Shields


You had 6 spell levels left.
You didn't know any spells.
Your spell library contained the following spells:

 Spells                   Type           Power      Damage    Failure   Level
 Magic Dart               Conj           0%         1d3       99%         1
 Call Imp                 Summ           0%         N/A       100%        2
 Static Discharge         Conj/Air       0%         2-2/arc   100%        2
 Mephitic Cloud           Conj/Pois/Air  0%         N/A       100%        3
 Vhi's Electric Charge    Tloc/Air       0%         N/A       100%        3
 Arcjolt                  Conj/Air       0%         1d10      100%        5
 Lightning Bolt           Conj/Air       0%         1d11      100%        5


Dungeon Overview and Level Annotations

Branches:
Dungeon (4/15)              Sewer (1/1)
 Temple: D:4-7

Altars:
Dithmenos
Hepliaklqana
Uskayaw
Vehumet

Shops:
D:1 ![:   D:2 :


Innate Abilities, Weirdness & Mutations

You are immune to sickness and miasma.
Your stone body is resilient. (AC +4)
You are immune to poison.
You resist negative energy. (rN+)
You are resistant to electric shocks. (rElec)
You are resistant to unholy torment.
You are immune to petrification.


Message History

The ball python constricts you.
You closely miss the bullfrog.
The bullfrog is heavily wounded.
The bullfrog completely misses you. The adder bites you but does no damage.
You block the ball python's attack.
The bullfrog hits you but does no damage.
The ball python bites you.
The bullfrog hits you but does no damage.
The ball python bites you but does no damage.
The ball python constricts you. The adder bites you.
The ball python bites you but does no damage.
The bullfrog hits you but does no damage.
You closely miss the bullfrog.
The bullfrog is heavily wounded.
The bullfrog hits you but does no damage.
The ball python barely misses you. The adder bites you.
The ball python bites you but does no damage.
The ball python constricts you.
The bullfrog hits you but does no damage.
The ball python bites you but does no damage.
The bullfrog hits you but does no damage.
The ball python completely misses you. You block the ball python's attack.
The ball python constricts you. You block the adder's attack.
The bullfrog hits you but does no damage.
You closely miss the bullfrog.
The bullfrog is heavily wounded.
The bullfrog hits you.
* * * LOW HITPOINT WARNING * * *
The ball python barely misses you.
The bullfrog hits you but does no damage.
The adder bites you but does no damage. The ball python bites you.
* * * LOW HITPOINT WARNING * * *
The ball python bites you.
* * * LOW HITPOINT WARNING * * *
The ball python constricts you.
The bullfrog releases a deep croak.
The bullfrog completely misses you.
The ball python bites you but does no damage.
The bullfrog hits you!
You die...

###################
.S#≈≈≈≈≈FS≈~≈≈≈≈~≈#.###
F..~≈≈≈#S@S~#≈≈~≈~....##
...~~~~~#FS#~~~≈≈≈.....#
...#~~~~~S≈~~≈~~~~.....#
...~~~≈~≈≈≈≈≈~~≈≈~~....##
..#≈≈≈≈≈≈≈≈≈≈≈≈≈≈~#.....#
# ##################....#
####††.## #..#.†..#
#.?'....#


You could see 2 bullfrogs, an adder and 4 ball pythons.

Vanquished Creatures
  A phantom (D:4)
  A necrophage (D:4)
  2 jellies (D:4)
  A hound (D:4)
  An orc priest (D:2)
  An iguana (D:4)
  An orc wizard (D:2)
  A gnoll (D:1)
  9 adders
  7 river rats (Sewer)
  A dart slug (D:2)
  10 orcs
  8 ball pythons
  7 bats
  7 endoplasms
  3 giant cockroaches (D:4)
  5 goblins
  6 hobgoblins
  10 quokkas
  7 frilled lizards
  7 kobolds
  22 rats
118 creatures vanquished.

Notes
Turn   | Place    | Note
-------+----------+-------------------------------------------
     0 | D:1      | Dittersdorf the Gargoyle Fighter began the quest for the
                  | Orb.
     0 | D:1      | Reached XP level 1. HP: 14/14 MP: 1/1
   115 | D:1      | Reached XP level 2. HP: 16/19 MP: 2/2
   227 | D:1      | Found Xocho Maoh's Book Shoppe.
   352 | D:1      | Reached XP level 3. HP: 23/23 MP: 3/3
   478 | D:1      | Found Cuicany's Antique Armour Emporium.
   537 | D:1      | Found Sinicot's Distillery.
   543 | D:1      | Bought a potion of heal wounds for 55 gold pieces
  1065 | D:2      | Found Duurr's Vocational Training.
  1265 | D:2      | Reached XP level 4. HP: 29/29 MP: 4/4
  1370 | D:2      | Reached XP level 5. HP: 33/33 MP: 5/5
  1723 | D:2      | Found a faded altar of an unknown god.
  2388 | D:3      | Found a shadowy altar of Dithmenos.
  2388 | D:3      | Found a hazy altar of Hepliaklqana.
  2389 | D:3      | Found a radiant altar of Vehumet.
  2389 | D:3      | Found a hide-covered altar of Uskayaw.
  2731 | D:4      | Reached XP level 6. HP: 15/39 MP: 6/6
  2995 | D:4      | Reached skill level 5 in Fighting
  2995 | D:4      | Reached skill level 5 in Armour
  2995 | D:4      | Reached skill level 5 in Shields
  2995 | D:4      | Reached XP level 7. HP: 29/44 MP: 7/7
  3077 | D:4      | Found a glowing drain.
  3097 | Sewer    | Entered a sewer
  3635 | Sewer    | Slain by a bullfrog

Illustrated notes

Levels and vault maps discovered:
D:1:      dpeg_arrival_erosion, layout_loops_ring, serial_shops,
          nicolae_shop_hallway_plus, shop, nicolae_square_shop, serial_forest,
          infiniplex_forest_lined_4_way, infiniplex_forest_lined_room_3,
          infiniplex_forest_end_1, infiniplex_forest_clump_long,
          infiniplex_forest_straight_2, infiniplex_forest_straight_2,
          infiniplex_forest_diagonal
D:2:      layout_loops_ring, dreamdust_ecumenical_altar_hidden_monk_grotto,
          amcnicky_mini_corridor_feature, nicolae_shop_vocational
D:3:      layout_basic, chequers_temple_overflow_statue_of_worship
D:4:      layout_loops_ring, gup_sewer_entry_pipe, minivault_26,
          corexii_item_surrounded_by_moat, chequers_hall_statues_corner_a,
          corexii_checkpoint_b
Sewer:    sewer_minmay_w

Skill      XL: |  1  2  3  4  5  6  7 |
---------------+----------------------+-----
Armour         | 4 5 |  5.3
Shields        | 4 5 |  5.3
Fighting       | 4 5 |  5.3
Maces & Flails | 3 4 |  4.1

Action                     |  1- 3 |  4- 6 |  7- 9 || total
---------------------------+-------+-------+-------++-------
  Melee: Flail             |   110 |   121 |       ||   231
         Morningstar       |       |    49 |   193 ||   242
    Use: Scroll            |       |    12 |       ||    12
         Potion            |       |       |     2 ||     2
 Armour: Scale mail        |    37 |       |       ||    37
         Chain mail        |    26 |   110 |   341 ||   477
  Dodge: Dodged            |    64 |    61 |   168 ||   293
  Block: Buckler           |    27 |    32 |    89 ||   148

Table legend: (Time is in decaauts)
 A = Elapsed time spent in this place.
 B = Non-inter-level travel time spent in this place.
 C = Inter-level travel time spent in this place.
 D = Time resting spent in this place.
 E = Time spent auto-exploring this place.
 F = Levels seen in this place.
 G = Mean time per level.
                   A        B        C        D        E       F      G
               +--------+--------+--------+--------+--------+-----+--------+
         Total |   3844 |   3697 |    147 |    149 |   2201 |   5 |  768.8 |
       Dungeon |   3193 |   3046 |    147 |      0 |   2131 |   4 |  798.2 |
         Sewer |    650 |    650 |      0 |    149 |     70 |   1 |  650.0 |
               +--------+--------+--------+--------+--------+-----+--------+

Top non-repeatable levels by time:
     D:1: 943 daAuts
     D:3: 916 daAuts
     D:2: 892 daAuts
   Sewer: 650 daAuts
     D:4: 441 daAuts
